 Dungeon Crawl Stone Soup version 0.29.1-13-g9f3cf754e1 (webtiles) character file.

Game seed: 11863164199092004979

294 Kosjir the Scratcher (level 6, -2/26 HPs)
             Began as a Felid Transmuter on Jan 26, 2023.
             Was an Initiate of Fedhas.
             Slain by a hound (3 damage)
             ... on level 5 of the Dungeon.
             The game lasted 00:12:05 (2677 turns).

Kosjir the Scratcher (Felid Transmuter)             Turns: 2677, Time: 00:12:05

Health: -2/26      AC:  2    Str:  8    XL:     6   Next: 11%
Magic:  6/12       EV: 18    Int: 15    God:    Fedhas [......]
Gold:   159        SH:  0    Dex: 16    Spells: 1/11 levels left
                                        Lives:  0   Deaths: 1

rFire   . . .      SeeInvis +     - Unarmed
rCold   . . .      Faith    .   (shield unavailable)
rNeg    . . .      Spirit   .   (body armour unavailable)
rPois   .          Reflect  .   (helmet unavailable)
rElec   .          Harm     .   (cloak unavailable)
rCorr   .          Rampage  .   (gloves unavailable)
Will    .....                   (boots unavailable)
Stlth   ++........              (no amulet)
HPRegen 0.08/turn               (no ring)
MPRegen 0.13/turn               (no ring)

@: wereblooded, quick
A: very small, claws 1, fangs 3, see invisible, speed 1, shaggy fur 2, stealthy
paws, no weapons or thrown items, no armour, multi-lived
a: Renounce Religion


You were on level 5 of the Dungeon.
You worshipped Fedhas.
Fedhas was noncommittal.
You visited 2 branches of the dungeon, and saw 6 of its levels.

You collected 159 gold pieces.

Inventory:

Scrolls
 a - 2 scrolls of fear {unknown}
 c - a scroll of poison
 d - 2 scrolls of noise
 e - a scroll of enchant armour
 f - a scroll of blinking {unknown}
 h - a scroll of teleportation {unknown}
 i - a scroll of fog {unknown}
Potions
 b - a potion of attraction {unknown}
 g - a potion of magic


   Skills:
 * Level 2.2 Fighting
 * Level 4.0 Dodging
 * Level 2.7 Stealth
 * Level 4.7 Unarmed Combat
 * Level 3.4 Spellcasting
 * Level 3.8 Transmutations
 * Level 0.8 Ice Magic
 * Level 1.4 Poison Magic
 * Level 1.0 Invocations


You had one spell level left.
You knew the following spells:

 Your Spells              Type           Power      Damage    Failure   Level
a - Beastly Appendage     Tmut           28%        N/A       4%          1
b - Wereblood             Tmut           14%        N/A       6%          2
c - Spider Form           Tmut/Pois      10%        N/A       21%         3
d - Ice Form              Ice/Tmut       9%         N/A       58%         4

Your spell library contained the following spells:

 Spells                   Type           Power      Damage    Failure   Level
 Gell's Gravitas          Tloc           2%         N/A       50%         3
 Teleport Other           Tloc           2%         N/A       50%         3
 Dispersal                Tloc           1%         N/A       100%        6


Dungeon Overview and Level Annotations

Branches:
Dungeon (5/15)             Temple (1/1) D:4

Altars:
Ashenzari
Cheibriados
Dithmenos
Fedhas
Gozag
Hepliaklqana
Okawaru
Qazlal
Trog
Uskayaw
Vehumet
Wu Jian
Yredelemnul
Zin
The Shining One

Annotations:
D:4 Dowan, Duvessa


Innate Abilities, Weirdness & Mutations

You have sharp claws.
You have razor-sharp teeth.
You have supernaturally acute eyesight. (SInv)
You cover ground quickly. (Speed+)
You are covered in thick fur. (AC +2)
Your paws help you pounce on unaware monsters.
You are incapable of wielding weapons or throwing items.
You cannot wear armour.
You gain extra lives every three experience levels.


Message History

Fedhas appreciates your contribution to the ecosystem.
Your primal bloodlust is almost over.
There is a stone staircase leading up here.
Your transformation has ended.
You howl as the wereblood boils in your veins!
Your primal bloodlust has ended.
Casting: Spider Form (quite dangerous; 21% risk of failure)
Confirm with . or Enter, or press ? or * to list all spells.
The spell is quite dangerous to miscast (21% risk of failure)!
Continue anyway?
You turn into a venomous arachnid creature.
Casting: Spider Form (extremely dangerous; 41% risk of failure)
Confirm with . or Enter, or press ? or * to list all spells.
Your blood is infused with primal strength.
Your transformation is almost over.
The gnoll hits you with a +0 spear.
* * * LOW HITPOINT WARNING * * *
You hit the gnoll.
The gnoll is poisoned.
The gnoll is heavily wounded.
The gnoll hits you but does no damage.
You completely miss the gnoll.
The gnoll is heavily wounded.
The gnoll misses you. The gnoll closely misses you.
The gnoll hits you from afar with a +0 spear.
* * * LOW HITPOINT WARNING * * *
Fedhas appreciates your contribution to the ecosystem.
You feel a bit more experienced.
Your Dodging skill increases to level 4!
You hit the hound.
The hound is poisoned.
The hound is moderately wounded.
The hound bites you but does no damage. The hound closely misses you.
Your transformation has ended.
You see here a +0 halberd.
You howl as the wereblood boils in your veins!
The hound closely misses you. The hound barely misses you.
The hound attacks as you move away! The hound misses you.
The hound attacks as you move away! The hound completely misses you.
The hound attacks as you move away! The hound bites you.
You die...
Fedhas appreciates your contribution to the ecosystem.

#########
#...h...#
#.#####.#
#.#####.###.#..
#g##...........
#.##.##.###.##.
#..<@h.).#
########)# #.#
#)# #.# #.# #.#
... .#.#.


You could see a hound (very poisoned).

Vanquished Creatures
  A black bear (D:4)
  A phantom (D:4)
  A scorpion (D:4)
  A water moccasin skeleton (D:4)
  A centaur skeleton (D:4)
  An iguana (D:4)
  A scorpion zombie (D:4)
  3 hound zombies (D:4)
  4 gnolls (D:5)
  4 adders
  An adder skeleton (D:4)
  A worm (D:4)
  A dart slug (D:1)
  An orc (D:3)
  4 bats (D:2)
  4 endoplasms
  3 giant cockroaches
  A goblin (D:4)
  4 hobgoblins
  A quokka (D:2)
  6 ball pythons
  A frilled lizard (D:2)
  3 kobolds
  4 rats
53 creatures vanquished.

Vanquished Creatures (others)
  A fungus (D:2)
  A plant (D:2)
  2 withered plants (D:4)
4 creatures vanquished.

Grand Total: 57 creatures vanquished

Notes
Turn   | Place    | Note
-------+----------+-------------------------------------------
     0 | D:1      | Kosjir the Felid Transmuter began the quest for the Orb.
     0 | D:1      | Reached XP level 1. HP: 9/9 MP: 4/4
   169 | D:1      | Reached XP level 2. HP: 9/12 MP: 6/6
   172 | D:1      | Learned a level 2 spell: Wereblood
   391 | D:2      | Reached skill level 1 in Stealth
   476 | D:2      | Reached XP level 3. HP: 12/15 MP: 4/7
   506 | D:2      | Learned a level 3 spell: Spider Form
   996 | D:3      | Reached XP level 4. HP: 5/19 MP: 8/8
  1053 | D:4      | Found a staircase to the Ecumenical Temple.
  1064 | Temple   | Entered the Ecumenical Temple
  1234 | Temple   | Became a worshipper of Fedhas Madash
  1280 | D:4      | Noticed a phantom
  1294 | D:4      | Killed a phantom
  1295 | D:4      | Reached XP level 5. HP: 18/22 MP: 4/10
  1305 | D:4      | Reached skill level 1 in Poison Magic
  1467 | D:4      | Learned a level 4 spell: Ice Form
  1621 | D:4      | Noticed a black bear
  1648 | D:4      | Killed a black bear
  1649 | D:4      | Gained mutation: You are covered in thick fur. (AC +2)
                  | [Felid growth]
  1649 | D:4      | Reached XP level 6. HP: 14/26 MP: 4/11
  1756 | D:4      | Noticed Duvessa
  1756 | D:4      | Noticed Dowan
  2316 | D:4      | Reached skill level 1 in Invocations
  2331 | D:4      | Slain by Duvessa
  2332 | D:4      | Reached XP level 5. HP: -2/22 MP: 11/11
  2381 | D:5      | Entered Level 5 of the Dungeon
  2641 | D:5      | Reached XP level 6. HP: 24/26 MP: 7/12
  2667 | D:5      | HP: 1/26 [gnoll/+0 spear (5)]
  2677 | D:5      | Slain by a hound

Illustrated notes

Levels and vault maps discovered:
D:1:      psy_arrival_radial02, layout_rooms
D:2:      minmay_spotlight, layout_basic, shapermc_ecumenical_altar_rom_forum,
          hex_large, uniq_terence
D:3:      layout_loops_ring, gammafunk_ghost_gnarly_gnolls
D:4:      layout_loops_ring, minmay_temple_entry_tees, serial_undead,
          serial_undead_b, serial_undead_a, serial_undead_f, serial_undead_e,
          chequers_serial_rivers_small_b, serial_park_tiny_2, uniq_duvessa
D:5:      layout_loops_cross
Temple:   mainiacjoe_temple_cubbyholes

Skill      XL: |  1  2  3  4  5  6 |
---------------+-------------------+-----
Stealth        | 1 2 |  2.7
Dodging        | 3 4 |  4.0
Transmutations | 3 |  3.8
Unarmed Combat | 4 |  4.7
Spellcasting   | 3 |  3.4
Poison Magic   | 1 |  1.4
Fighting       | 2 |  2.2
Invocations    | 1 |  1.0
Ice Magic      | |  0.8

Action                   |  1- 3 |  4- 6 || total
-------------------------+-------+-------++-------
Melee: Unarmed           |    81 |   104 ||   185
       Headbutt          |     5 |     6 ||    11
       Bite              |     6 |     6 ||    12
       Punch             |       |     4 ||     4
 Cast: Beastly Appendage |    15 |     5 ||    20
       Wereblood         |     7 |     9 ||    16
       Spider Form       |     1 |     8 ||     9
  Use: Scroll            |     3 |       ||     3
       Potion            |     2 |     5 ||     7
 Stab: Sleeping          |     1 |       ||     1
Armor: Skin              |     4 |    34 ||    38
Dodge: Dodged            |    78 |   105 ||   183
